 Dungeon Crawl Stone Soup version 0.21-b1-23-g1fb0a74c36 (webtiles) character file.

13 Esekla the Sneak (level 2, 0/19 HPs)
             Began as a Vampire Wizard on Jan 6, 2018.
             Slain by a leopard gecko (2 damage)
             ... on level 1 of the Dungeon.
             The game lasted 00:07:45 (603 turns).

Esekla the Sneak (Vampire Wizard)                    Turns: 603, Time: 00:07:45

Health: 0/19       AC:  2    Str:  6    XL:     2   Next: 24%
Magic:  2/6        EV: 12    Int: 20    God:
Gold:   43         SH:  0    Dex: 12    Spells: 4/7 levels left

rFire    . . .     SeeInvis +   f - +0 dagger
rCold    . . .     Gourm    .   (no shield)
rNeg     + . .     Faith    .   a - +0 robe
rPois    .         Spirit   .   b - +0 hat
rElec    .         Reflect  .   (no cloak)
rCorr    .         Harm     .   (no gloves)
MR       .....                  (no boots)
Stlth    ++........             (no amulet)
HPRegen  0.06/turn              (no ring)
MPRegen  0.10/turn              (no ring)

@: very slightly contaminated
A: fangs 3, see invisible, unbreathing
a: no special abilities


You were on level 1 of the Dungeon.
You were not thirsty.

You visited 1 branch of the dungeon, and saw 2 of its levels.

You collected 43 gold pieces.

Inventory:

Hand Weapons
 f - a +0 dagger (weapon)
Missiles
 g - 54 stones (quivered)
Armour
 a - a +0 robe (worn)
 b - a +0 hat (worn)
Scrolls
 e - a scroll of identify {unknown}
 h - a scroll of immolation {unknown}
Potions
 d - 6 potions of blood
 i - a potion of agility {unknown}
 j - a potion of flight {unknown}
Books
 c - a book of Minor Magic

   Spells                             Type                      Level
   a - Magic Dart                     Conjuration                  1
   b - Blink                          Translocation                2
   c - Call Imp                       Summoning                    2
   d - Slow                           Hexes                        2
   e - Conjure Flame                  Conjuration/Fire             3
   f - Mephitic Cloud                 Conjuration/Poison/Air       3


   Skills:
 + Level 0.1 Fighting
 * Level 1.2 Short Blades
 + Level 2.1 Dodging
 + Level 3.4 Stealth
 + Level 3.1 Spellcasting
 + Level 0.6 Conjurations
   Level 1.0 Summonings
 + Level 0.7 Translocations


You had 4 spell levels left.
You knew the following spells:

 Your Spells              Type           Power        Failure   Level  Hunger
a - Magic Dart            Conj           #...         11%         1    None
b - Blink                 Tloc           N/A          16%         2    ##.....


Dungeon Overview and Level Annotations

Branches:
Dungeon (2/15)

Altars:


Innate Abilities, Weirdness & Mutations

You have razor-sharp teeth.
You have supernaturally acute eyesight. (SInv)
You can survive without breathing.


Message History

The leopard gecko bites you.
You closely miss the leopard gecko. The leopard gecko barely misses you.
Your magical contamination has completely faded away.
You hit the leopard gecko but do no damage.
The leopard gecko bites you.
You miss the leopard gecko. The leopard gecko barely misses you.
You miss the leopard gecko. The leopard gecko bites you.
Casting: Magic Dart
Confirm with . or Enter, or press ? or * to list all spells.
You blink.
The leopard gecko barely misses you. The goblin hits you.
The leopard gecko bites you.
* * * LOW HITPOINT WARNING * * *
Found a dagger.
The leopard gecko misses you.
Casting: Blink
Confirm with . or Enter, or press ? or * to list all spells.
You miscast Blink.
You are very lightly contaminated with residual magic.
Nothing appears to happen.
The leopard gecko bites you.
You die...

#.# .# #. ## #.# . #..#..
#.# ##. #..#.# ## #.# #..
#..#.# .# #.# #.# #....##
.# #.# #.# #.....# .# ##.#
#.# #...# .# #..#
#####.######...# .##
#.####.....@l.g.....#
..####.###...##.######.#.#
...........#.....# #.#§#
.#####.###...#...# #.#.#
..# #............# #)#.#
..# #.#######...## #.#.#
..# #.# ....# ...$# ..#
#÷# ##..# #.### #.# #.#
##.#


You could see a leopard gecko and a goblin.

Vanquished Creatures
  A dart slug (D:1)
  A bat (D:1)
  2 giant cockroaches (D:1)
  A goblin (D:1)
  A hobgoblin (D:1)
  A quokka (D:2)
  A kobold (D:1)
  2 rats (D:1)
10 creatures vanquished.

Notes
Turn   | Place    | Note
-------+----------+-------------------------------------------
     0 | D:1      | Esekla the Vampire Wizard began the quest for the Orb.
     0 | D:1      | Reached XP level 1. HP: 13/13 MP: 4/4
   207 | D:1      | Reached skill level 1 in Short Blades
   304 | D:1      | Reached XP level 2. HP: 8/19 MP: 4/6
   477 | D:1      | Learned a level 2 spell: Blink
   603 | D:1      | Slain by a leopard gecko

Skill      XL: |  1 |
---------------+----+-----
Short Blades   | 1 |  1.2
Fighting       | |  0.1
Dodging        | |  2.1
Stealth        | |  3.4
Spellcasting   | |  3.1
Conjurations   | |  0.6
Summonings     | |  1.0
Translocations | |  0.7

Action                   || total
-------------------------++-------
Melee: Dagger            ||    44
       Bite              ||     2
 Cast: Magic Dart        ||    12
       Blink             ||     1
 Stab: Sleeping          ||     2
Armor: Robe              ||     8
Dodge: Dodged            ||    31
